 Dungeon Crawl Stone Soup version 0.20.1-1-g8b1a95d (webtiles) character file.

241452 vatarom the Fencer (level 19, -4/144 HPs)
             Began as a Demonspawn Gladiator on Sept 15, 2017.
             Was the Champion of Ru.
             Slain by a vault guard
             ... wielding a +0 war axe
              (19 damage)
             ... on level 3 of the Vaults on Sept 16, 2017.
             The game lasted 01:59:48 (38775 turns).

vatarom the Fencer (Demonspawn Gladiator)          Turns: 38775, Time: 01:59:48

Health: -4/144     AC: 17    Str: 16    XL:     19   Next: 7%
Magic:  0/31       EV: 23    Int:  6    God:    Ru [******]
Gold:   3251       SH:  2    Dex: 24    Spells: 32/35 levels left

rFire    + . .     SeeInvis .   P - +4 great sword (freeze)
rCold    + . .     Gourm    .   (shield currently unavailable)
rNeg     . . .     Faith    .   F - +4 ring mail "Ciqoxti" {MR+}
rPois    .         Spirit   +   (helmet restricted)
rElec    +         Reflect  +   w - scarf {Spirit}
rCorr    .         Harm     .   q - +1 pair of gloves
MR       ++...     Rnd*Rage +   (boots unavailable)
Stlth    +++.......             Y - amulet of the Queen {Reflect rElec Int-4 Dex+5 Slay+3 SH+2}
Regen    0.8/turn               X - ring "Duhaip" {rC+ AC+4}
MPRegen  0.3/turn               R - ring of protection from fire

@: exhausted, marked, no potions, drained
A: hooves 3, horns 1, berserk 1, blink, demonic guardian 2, frail 1,
nightstalker 2, regeneration 1, weak 1, inability to drink while threatened,
inability to use devices, disrupted magic 1, sturdy frame 3
}: 1/15 runes: serpentine
a: Blink, Draw Out Power, Power Leap, Apocalypse, Renounce Religion


You were on level 3 of the Vaults.
You worshipped Ru.
Ru was exalted by your worship.
You were not hungry.

You visited 7 branches of the dungeon, and saw 34 of its levels.
You also visited: Trove and Bailey.

You collected 3776 gold pieces.
You spent 525 gold pieces at shops.

Inventory:

Hand Weapons
 p - a +3 long sword of electrocution
 v - a +0 scimitar of flaming
 P - a +4 great sword of freezing (weapon)
Missiles
 a - 4 throwing nets
 o - 109 tomahawks (quivered)
 E - 35 javelins
 J - 5 tomahawks of returning
Armour
 e - a +1 cloak of poison resistance
 q - a +1 pair of gloves (worn)
 w - a scarf of spirit shield (worn)
 y - a +2 buckler
 F - the +4 ring mail "Ciqoxti" (worn) {MR+}
   (You found it on level 2 of the Lair of Beasts)

   It affects your resistance to hostile enchantments.
Jewellery
 C - the ring of the Catfish {rPois Dex+4 Stlth+}
   (You found it in a treasure trove)

   [ring of stealth]

   It affects your dexterity (+4).
   It protects you from poison.
   It makes you more stealthy.
 R - a ring of protection from fire (right hand)
 X - the ring "Duhaip" (left hand) {rC+ AC+4}
   (You found it in a treasure trove)

   [ring of protection]

   It affects your AC (+4).
   It protects you from cold.
 Y - the amulet of the Queen (around neck) {Reflect rElec Int-4 Dex+5 Slay+3 SH+2}
   (You found it in a treasure trove)

   [amulet of reflection]

   It shields you and reflects attacks.
   It affects your intelligence (-4).
   It affects your dexterity (+5).
   It affects your accuracy and damage with ranged weapons and melee attacks
   (+3).
   It insulates you from electricity.
   It affects your SH (+2).
Scrolls
 l - 10 scrolls of remove curse
 r - 3 scrolls of magic mapping
 u - 3 scrolls of enchant armour
 x - 2 scrolls of vulnerability
 B - 2 scrolls of fog
 G - 2 scrolls of amnesia
 K - 8 scrolls of identify
 M - 2 scrolls of silence
Potions
 b - 5 potions of haste
 d - 5 potions of resistance
 g - 12 potions of brilliance
 h - 10 potions of flight
 i - 6 potions of heal wounds
 k - 19 potions of curing
 n - 2 potions of might
 s - 4 potions of ambrosia
 D - 2 potions of invisibility
 L - 2 potions of lignification
 N - 2 potions of cancellation
Comestibles
 f - 11 bread rations
 j - 6 meat rations
 m - 4 fruits
 t - 19 royal jellies


   Skills:
 - Level 17.4(17.1) Fighting
 - Level 17.7(17.3) Long Blades
 - Level 7.3(7.0) Throwing
 + Level 10.7(10.5) Armour
 - Level 12.5(12.2) Dodging
 + Level 8.7(8.4) Spellcasting
 - Level 9.2(8.9) Charms


You had 32 spell levels left.
You knew the following spells:

 Your Spells              Type           Power        Failure   Level  Hunger
a - Spectral Weapon       Hex/Chrm       #.......     14%         3    ###....


Dungeon Overview and Level Annotations

Branches:
Dungeon (14/15)            Temple (1/1) D:6            Lair (6/6) D:10
 Shoals (4/4) Lair:4        Snake (4/4) Lair:2        Slime (0/5) Lair:6
    Orc (2/2) D:11            Elf (0/3) Orc:2        Vaults (3/5) D:14
  Crypt (0/3) Vaults:3

Altars:
Ashenzari
Cheibriados
Dithmenos
Elyvilon
Fedhas
Gozag
Hepliaklqana
Kikubaaqudgha
Makhleb
Nemelex Xobeh
Okawaru
Qazlal
Ru
Sif Muna
Trog
Uskayaw
Vehumet
Xom
Yredelemnul
Zin
The Shining One
Beogh
Jiyva

Shops:
D:6 (   Orc:2 :[(:   Shoals:1 *   Snake:2 [:   Snake:3 [   Vaults:1 [
Vaults:2 }?}   Vaults:3 *

Annotations:
Lair:6 1 runed door
Shoals:4 Ilsuiw, Polyphemus


Innate Abilities, Weirdness & Mutations

You have hooves in place of feet.
A demonic guardian rushes to your aid.
You are frail. (-10% HP)
You are significantly more attuned to the shadows.
You cannot drink potions while threatened.
You cannot study or use magical devices.
Your casting is slightly disrupted.
Your movements are significantly less encumbered by armour. (ER -6)
You have a pair of small horns on your head.
You tend to lose your temper in combat.
You can translocate small distances at will.
Your natural rate of healing is unusually fast.
You are weak. (Str -2)


Message History

The yaktaur hits your vault sentinel!
The vault sentinel points at you and mumbles some strange words.
The mark upon you grows brighter.
Your vault sentinel hits the yaktaur with a long sword!
Your shadow wraith hits the vault guard!
Your shadow wraith drains the vault guard's vigour!
The vault guard seems to slow down.
Your vault sentinel unwields an uncursed morningstar of draining.
Your vault sentinel wields an arbalest.
Your vault sentinel shoots a bolt.
The bolt completely misses the vault guard.
The bolt hits the yaktaur!
The yaktaur dies!
The bolt dissolves into shadows!
You see here a bolt.
You swap places.
Your ice devil hits the yaktaur.
Your ice devil freezes the yaktaur!!
You redirect the ogre mage's attack!
The vault guard hits you with a war axe!!
You die...

###'########
.............#
........≈....#
p#......§..O.#
.......§§))oO########
.#....§§§..OoO(W@...#
##..§..#######(pp...#
###.#(.# #.pp...#
#§c.§§.# #pc....#
§§p§§..# #4.))..#
#§§c...# #......#
.§§§...# #......#
....§..# ########
########


You could see a vault guard, 2 two-headed ogres, an ogre mage, a vault sentinel,
an ironbrand convoker, a yaktaur, an orc warrior, an orc, a friendly shadow
wraith (invisible), 2 friendly vault sentinels and a friendly ice devil.

Vanquished Creatures
  Bai Suzhen (Vaults:3)
  Saint Roka (Orc:2)
  Xtahua (Vaults:3)
  An ancient champion (Vaults:3)
  A tengu reaver (Vaults:3)
  3 nagarajas (Snake:4)
  A fire giant (Vaults:3)
  A frost giant (Vaults:2)
  2 vault wardens (Vaults:2)
  An orc warlord (Orc:2)
  2 stone giants (Vaults:1)
  An ironheart preserver (Vaults:2)
  A war gargoyle (Vaults:2)
  An entropy weaver (Vaults:2)
  2 merfolk javelineers (Shoals:4)
  5 fire dragons
  2 merfolk impalers
  Josephine (D:10)
  A great orb of eyes (Vaults:2)
  A crystal guardian (Vaults:2)
  3 yaktaur captains
  Harold (Lair:1)
  8 vault guards
  2 rakshasas (Vaults:2)
  2 ice dragons
  15 naga warriors
  17 anacondas
  A hydra (Lair:6)
  2 merfolk avatars
  13 two-headed ogres
  6 centaur warriors
  3 merfolk aquamancers
  5 ogre magi
  4 death yaks (Lair:5)
  A tengu warrior (D:14)
  Nergalle (D:11)
  6 shock serpents
  3 deep elf knights
  13 naga sharpshooters
  A fire crab (shapeshifter) (Vaults:2)
  A shadow wraith (Vaults:2)
  2 salamander mystics (Snake:4)
  2 flayed ghosts (Vaults:2)
  7 sea snakes
  2 unseen horrors
  3 skeletal warriors (Vaults:2)
  2 glowing orange brains
  An unseen horror (shapeshifter) (Vaults:1)
  3 deep elf archers (Vaults:2)
  3 wizards
  A harpy (shapeshifter) (Vaults:1)
  5 naga ritualists
  3 ironbrand convokers
  5 lindwurms
  9 orc knights
  5 harpies
  18 mana vipers
  A wolf spider (Vaults:2)
  5 manticores
  14 ugly things
  4 orc sorcerers
  5 cyclopes
  5 merfolk sirens
  10 fauns
  7 salamanders
  4 elephants (Lair:6)
  2 water nymphs
  42 black mambas
  7 guardian serpents (Snake:4)
  14 naga magi
  Psyche (D:11)
  3 molten gargoyles (Lair:6)
  8 vault sentinels
  3 centaur skeletons
  3 freezing wraiths
  6 spiny frogs
  A rime drake (Lair:5)
  6 yaktaurs
  7 komodo dragons
  A troll (shapeshifter) (D:13)
  A queen bee (D:13)
  6 trolls
  A jumping spider (shapeshifter) (D:14)
  A meliai (D:13)
  2 tengu simulacra (Vaults:1)
  A hornet (Vaults:2)
  16 merfolk
  A raiju (shapeshifter) (Vaults:1)
  9 blink frogs
  A blink frog (shapeshifter) (D:14)
  12 slime creatures
  8 hippogriffs
  3 snapping turtles
  4 dream sheep
  A hippogriff (shapeshifter) (Vaults:2)
  7 redbacks (Snake:4)
  A spriggan (D:7)
  2 shadows (D:11)
  3 wyverns (Lair:6)
  5 wraiths
  A spriggan (shapeshifter) (Vaults:1)
  13 water elementals
  A tarantella (Vaults:2)
  A yak (shapeshifter) (Vaults:1)
  3 fire elementals (Snake:1)
  26 yaks
  A hog (shapeshifter) (Vaults:2)
  2 hungry ghosts
  3 vampire mosquitoes (D:14)
  4 basilisks
  44 nagas
  11 wargs
  An acid dragon (Vaults:2)
  5 hell hounds
  2 soldier ants (shapeshifter)
  10 water moccasins
  7 porcupines
  2 ice beasts
  3 phantoms
  57 orc warriors
  A sky beast (D:13)
  A black bear (shapeshifter) (Vaults:2)
  7 necrophages
  23 ogres
  4 wolves (Lair:2)
  9 centaurs
  2 big kobolds
  19 crocodiles
  10 bullfrogs
  Dowan (D:4)
  A wyvern skeleton (D:14)
  A water moccasin skeleton (D:9)
  4 scorpions
  An elf simulacrum (Vaults:1)
  34 killer bees
  10 wights
  4 howler monkeys
  2 electric eels (Lair:6)
  6 crimson imps
  4 lava snakes (Lair:6)
  2 centaur zombies
  8 hounds
  4 bullfrog zombies
  5 jellies
  27 orc priests
  27 orc wizards
  4 bullfrog skeletons
  4 iguanas
  8 worker ants
  3 worker ant zombies
  A howler monkey zombie (D:5)
  14 adders
  3 shadow imps
  An adder skeleton (D:6)
  An adder zombie (D:6)
  A worm (D:2)
  2 dart slugs (D:1)
  4 leopard geckos
  152 orcs
  7 giant cockroaches
  3 goblins
  6 hobgoblins
  15 jackals
  5 quokkas
  7 bats
  5 frilled lizards
  18 kobolds
  A quokka skeleton (D:7)
  9 rats
1141 creatures vanquished.

Vanquished Creatures (collateral kills)
  Mara (Snake:4)
  Gastronok (Lair:1)
  4 nagarajas
  4 vault wardens
  An entropy weaver (Vaults:2)
  The ghost of ThereIsNoGod the Brawler, a journeyman TrFi of Makhleb (Orc:2)
  Nessos (Lair:4)
  Azrael (Snake:1)
  A merfolk impaler (Shoals:2)
  A hydra (Lair:1)
  2 vault guards
  3 naga warriors (Snake:4)
  5 anacondas (Snake:4)
  A merfolk aquamancer (Shoals:3)
  An ogre mage (D:14)
  8 two-headed ogres
  3 death yaks (Lair:5)
  2 naga sharpshooters
  A tengu warrior (D:14)
  2 salamander mystics (Snake:4)
  An orc knight (Vaults:2)
  2 ironbrand convokers
  2 mana vipers
  5 ugly things (Vaults:2)
  A harpy (Shoals:2)
  A deep elf mage (Vaults:2)
  A cyclops (D:11)
  5 fauns
  A salamander (Snake:1)
  3 guardian serpents
  A merfolk siren (Shoals:1)
  4 elephants
  A spiny frog (Lair:6)
  4 black mambas
  4 naga magi (Snake:4)
  A vault sentinel (Vaults:3)
  A gargoyle (D:11)
  3 yaktaurs
  3 komodo dragons
  2 meliai (D:13)
  A merfolk (Shoals:2)
  A troll (D:9)
  Prince Ribbit (D:9)
  3 blink frogs
  2 dream sheep (Shoals:4)
  A hippogriff (Lair:4)
  2 water elementals (Shoals:3)
  A vampire (D:9)
  11 yaks
  4 wraiths (D:10)
  A basilisk (Lair:6)
  4 wyverns
  3 nagas
  Duvessa (D:4)
  2 water moccasins
  2 porcupines
  7 orc warriors
  A hell hound (Lair:6)
  A black bear (D:6)
  2 wolves (Lair:2)
  2 ogres
  A centaur (Vaults:1)
  A crocodile (D:12)
  4 bullfrogs
  2 killer bees (D:13)
  A wight (D:12)
  A howler monkey (D:7)
  A lava snake (Lair:6)
  3 orc wizards
  A leopard gecko (D:5)
  8 orcs
166 creatures vanquished.

Vanquished Creatures (others)
  Nikola (Shoals:2)
  A tengu reaver (Vaults:2)
  A nagaraja (Snake:4)
  A rakshasa (Vaults:2)
  A jiangshi (Vaults:3)
  An alligator snapping turtle (Shoals:2)
  A satyr (Shoals:3)
  A naga sharpshooter (Snake:4)
  A salamander mystic (Snake:4)
  An orc knight (Vaults:3)
  A vault sentinel (Vaults:1)
  A salamander (Snake:4)
  A naga mage (Snake:1)
  2 merfolk
  A water elemental (Shoals:3)
  An orc warrior (Orc:2)
  2 orcs
  A bush (D:11)
  6 fungi
  9 plants
  9 spectral weapons
44 creatures vanquished.

Grand Total: 1351 creatures vanquished

Notes
Turn   | Place    | Note
-------+----------+-------------------------------------------
     0 | D:1      | vatarom the Demonspawn Gladiator began the quest for the Orb.
     0 | D:1      | Reached XP level 1. HP: 16/16 MP: 1/1
   240 | D:1      | Gained mutation: A weak demonic guardian rushes to your aid. [demonic ancestry]
   240 | D:1      | Reached XP level 2. HP: 17/23 MP: 2/2
   953 | D:1      | Gained mutation: You have large cloven feet. [demonic ancestry]
   953 | D:1      | Reached XP level 3. HP: 26/29 MP: 3/3
  1450 | D:2      | Reached XP level 4. HP: 27/37 MP: 4/4
  1963 | D:2      | Found a shattered altar of Ashenzari.
  1963 | D:2      | Found a white marble altar of Elyvilon.
  2377 | D:3      | Found an iron altar of Okawaru.
  2657 | D:4      | Noticed a two-headed ogre
  2741 | D:4      | Noticed Duvessa
  2741 | D:4      | Noticed Dowan
  2845 | D:3      | Gained mutation: You have hoof-like feet. [demonic ancestry]
  2845 | D:3      | Reached XP level 5. HP: 23/43 MP: 5/5
  3029 | D:4      | Found a radiant altar of Vehumet.
  3029 | D:4      | Found a snail-covered altar of Cheibriados.
  3221 | D:4      | HP: 2/43 [two-headed ogre/giant club (13)]
  3223 | D:4      | Killed a two-headed ogre
  3223 | D:4      | Reached skill level 5 in Fighting
  3223 | D:4      | Reached skill level 5 in Long Blades
  3223 | D:4      | Reached XP level 6. HP: 2/51 MP: 6/6
  3223 | D:4      | Gained mutation: You have hooves in place of feet. [demonic ancestry]
  3223 | D:4      | Reached XP level 7. HP: 3/56 MP: 7/7
  3659 | D:4      | Found an opulent altar of Gozag.
  3689 | D:4      | Found a sacrificial altar of Ru.
  3853 | D:4      | HP: 2/56 [Dowan/puff of frost (7)]
  3854 | D:4      | Killed Duvessa
  4222 | D:4      | Killed Dowan
  4499 | D:5      | Entered Level 5 of the Dungeon
  4637 | D:5      | Found an ancient bone altar of Kikubaaqudgha.
  4679 | D:5      | Reached skill level 5 in Dodging
  4734 | D:5      | Reached XP level 8. HP: 53/64 MP: 6/8
  4780 | D:4      | Became a worshipper of Ru the Awakened
  5491 | D:6      | Found Hylehy's Antique Weapon Shoppe.
  5714 | D:6      | Found a hide-covered altar of Uskayaw.
  5819 | D:6      | Found a staircase to the Ecumenical Temple.
  5841 | Temple   | Entered the Ecumenical Temple
  5983 | Temple   | Gained mutation: You cannot study or use magical devices. [Ru sacrifice]
  5983 | Temple   | Reached * piety under Ru
  5983 | Temple   | Reached ** piety under Ru
  6321 | D:6      | Reached skill level 1 in Armour
  6416 | D:7      | Gained mutation: You are slightly more attuned to the shadows. [demonic ancestry]
  6416 | D:7      | Reached XP level 9. HP: 69/69 MP: 9/9
  6544 | D:7      | Found a bloodstained altar of Trog.
  6774 | D:7      | Found a glowing silver altar of Zin.
  7061 | D:8      | Gained mutation: You are frail. (-10% HP) [potion of mutation]
  7061 | D:8      | Gained mutation: You can translocate small distances at will. [potion of mutation]
  7061 | D:8      | Gained mutation: Your natural rate of healing is unusually fast. [potion of mutation]
  7119 | D:8      | Reached skill level 5 in Armour
  7562 | D:8      | Gained mutation: Your casting is slightly disrupted. [Ru sacrifice]
  7562 | D:8      | Reached *** piety under Ru
  7602 | D:8      | Noticed a two-headed ogre
  7617 | D:8      | Killed a two-headed ogre
  7617 | D:8      | Reached skill level 5 in Throwing
  7617 | D:8      | Gained mutation: A demonic guardian rushes to your aid. [demonic ancestry]
  7617 | D:8      | Reached XP level 10. HP: 36/68 MP: 5/10
  7800 | D:8      | Found a deep blue altar of Sif Muna.
  8269 | D:9      | Noticed Prince Ribbit
  8281 | D:9      | Killed Prince Ribbit
  8817 | D:9      | Found a roughly hewn altar of Beogh.
  8995 | D:10     | Entered Level 10 of the Dungeon
  9205 | D:10     | Noticed Josephine
  9208 | D:10     | You fall through a shaft!
  9280 | D:11     | Noticed a two-headed ogre
  9284 | D:11     | Killed a two-headed ogre
  9448 | D:11     | Noticed a green ugly thing
  9451 | D:11     | Noticed a two-headed ogre
  9495 | D:10     | Killed Josephine
  9594 | D:10     | Gained mutation: Your movements are slightly less encumbered by armour. (ER -2) [demonic ancestry]
  9594 | D:10     | Reached XP level 11. HP: 52/76 MP: 5/11
  9720 | D:10     | Gained mutation: You cannot drink potions while threatened. [Ru sacrifice]
  9720 | D:10     | Reached **** piety under Ru
  9832 | D:10     | Found a staircase to the Lair.
  9956 | D:10     | Killed a two-headed ogre
 10264 | D:11     | Found a blossoming altar of Fedhas.
 10279 | D:11     | Noticed Nergalle
 10293 | D:11     | Killed Nergalle
 10395 | D:11     | Noticed an unseen horror
 10422 | D:11     | Killed an unseen horror
 10458 | D:11     | Noticed Psyche
 10463 | D:11     | Killed Psyche
 10463 | D:11     | Reached skill level 10 in Long Blades
 10607 | D:11     | Found a staircase to the Orcish Mines.
 10930 | D:11     | Noticed a two-headed ogre
 10932 | D:11     | Killed a two-headed ogre
 11021 | D:11     | Noticed a vault guard
 11027 | D:11     | Killed a vault guard
 11033 | D:11     | Found a portal to a secret trove of treasure.
 11263 | Lair:1   | Entered Level 1 of the Lair of Beasts
 11263 | Lair:1   | Noticed Gastronok
 11270 | Lair:1   | Killed Gastronok
 11270 | Lair:1   | Reached skill level 10 in Fighting
 11330 | Lair:1   | Noticed Harold
 11348 | Lair:1   | Killed Harold
 11361 | Lair:1   | Noticed a five-headed hydra
 11366 | Lair:1   | Killed a five-headed hydra
 11547 | Lair:1   | Mutation became permanent: You are frail. (-10% HP) [Ru sacrifice]
 11547 | Lair:1   | Gained mutation: You are frail. (-10% HP) [Ru sacrifice]
 11547 | Lair:1   | Reached ***** piety under Ru
 11547 | Lair:1   | Reached ****** piety under Ru
 11701 | Lair:1   | Reached XP level 12. HP: 88/88 MP: 12/12
 11924 | Lair:2   | Found a staircase to the Snake Pit.
 12139 | Lair:2   | Got a fine ring mail
 12140 | Lair:2   | Identified the +4 ring mail "Ciqoxti" {MR+} (You found it on level 2 of the Lair of Beasts)
 13488 | Lair:4   | Noticed Nessos
 13498 | Lair:4   | Killed Nessos
 13726 | Lair:4   | Found a staircase to the Shoals.
 14233 | Lair:5   | Noticed a death yak
 14237 | Lair:5   | Noticed a death yak
 14240 | Lair:5   | Killed a death yak
 14246 | Lair:5   | Killed a death yak
 14300 | Lair:5   | Noticed a death yak
 14301 | Lair:5   | Noticed a death yak
 14301 | Lair:5   | Noticed a death yak
 14302 | Lair:5   | Noticed a death yak
 14302 | Lair:5   | Noticed a death yak
 14330 | Lair:5   | Killed a death yak
 14338 | Lair:5   | Killed a death yak
 14351 | Lair:5   | Killed a death yak
 14356 | Lair:5   | Killed a death yak
 14402 | Lair:5   | Killed a death yak
 14775 | Lair:6   | Entered Level 6 of the Lair of Beasts
 14892 | Lair:6   | Noticed an eight-headed hydra
 15040 | Lair:6   | Gained mutation: Your movements are less encumbered by armour. (ER -4) [demonic ancestry]
 15040 | Lair:6   | Reached XP level 13. HP: 86/97 MP: 11/13
 15121 | Lair:6   | Found a runed door.
 15121 | Lair:6   | Found a viscous altar of Jiyva.
 15126 | Lair:6   | Found a staircase to the Slime Pits.
 15133 | Lair:6   | Learned a level 3 spell: Spectral Weapon
 15231 | Lair:6   | Reached skill level 1 in Charms
 16014 | Lair:6   | Found a large runed door.
 16016 | Lair:6   | Found a large runed door.
 16031 | Lair:6   | Noticed a fire dragon
 16042 | Lair:6   | Killed a fire dragon
 16223 | Lair:6   | Reached skill level 5 in Charms
 16888 | D:12     | Got a smoking chain mail
 16897 | D:12     | Reached skill level 1 in Spellcasting
 16958 | D:11     | Identified the cursed +1 chain mail of the Voivode {Str+4} (You found it on level 12 of the Dungeon)
 17802 | D:12     | Identified a scroll of acquirement
 17820 | D:13     | Reached XP level 14. HP: 87/103 MP: 20/20
 18063 | D:13     | Reached skill level 5 in Spellcasting
 18494 | D:14     | Found a roughly hewn altar of Beogh.
 18759 | D:14     | Found a flagged portal.
 18773 | Bailey   | Entered a bailey
 19455 | Shoals:1 | Entered Level 1 of the Shoals
 19573 | Shoals:1 | Reached skill level 10 in Dodging
 19658 | Shoals:1 | Found a deep blue altar of Sif Muna.
 19692 | Shoals:1 | Found Fydoen's General Store.
 19921 | Shoals:1 | Got a sparkling bone ring
 19922 | Shoals:1 | Identified the ring "Voatty" {EV+1 Str-3 Int+6 Dex-2} (You found it on level 1 of the Shoals)
 20981 | Shoals:2 | Got a slimy chain mail
 21238 | Orc:1    | Entered Level 1 of the Orcish Mines
 21313 | Orc:1    | Found a dark tunnel.
 21451 | D:11     | You paid a toll of 2 scrolls of acquirement to enter a treasure trove
 21452 | Trove    | Entered a treasure trove
 21465 | Trove    | Got a shimmering lead ring
 21470 | Trove    | Got a coiled golden ring
 21474 | Trove    | Got a scorched glass ring
 21476 | Trove    | Got a warped golden amulet
 21494 | Trove    | Identified the cursed +1 chain mail "Yzileen" {rPois MR- Regen+ Dex+3} (You found it on level 2 of the Shoals)
 21513 | Trove    | Identified the ring "Tolol" {rPois Stlth+} (You found it in a treasure trove)
 21515 | Trove    | Identified the ring of Knowledge {rElec AC+2 Str+4} (You found it in a treasure trove)
 21517 | Trove    | Identified the amulet of the Queen {Reflect rElec Int-4 Dex+5 Slay+3 SH+2} (You found it in a treasure trove)
 21519 | Trove    | Identified the ring "Duhaip" {rC+ AC+4} (You found it in a treasure trove)
 21524 | Trove    | Got a scorched ivory ring
 21526 | Trove    | Identified the ring of the Catfish {rPois Dex+4 Stlth+} (You found it in a treasure trove)
 22654 | Orc:2    | Entered Level 2 of the Orcish Mines
 22680 | Orc:2    | Noticed ThereIsNoGod's ghost (journeyman TrFi)
 22689 | Orc:2    | Killed ThereIsNoGod's ghost
 22738 | Orc:2    | Noticed an orc warlord
 22746 | Orc:2    | Killed an orc warlord
 22801 | Orc:2    | Found a roughly hewn altar of Beogh.
 22837 | Orc:2    | Found a roughly hewn altar of Beogh.
 23000 | Orc:2    | Found a staircase to the Elven Halls.
 23098 | Orc:2    | Found a roughly hewn altar of Beogh.
 23100 | Orc:2    | Found Jaufap's Book Shoppe.
 23420 | Orc:2    | Found a roughly hewn altar of Beogh.
 23433 | Orc:2    | Noticed Saint Roka
 23607 | Orc:2    | Found a roughly hewn altar of Beogh.
 23745 | Orc:2    | Reached XP level 15. HP: 108/108 MP: 22/22
 23770 | Orc:2    | Killed Saint Roka
 23893 | Orc:2    | Found Fulah's Antique Armour Emporium.
 23895 | Orc:2    | Found a roughly hewn altar of Beogh.
 23908 | Orc:2    | Found Qishaq Duulu's Antique Weapon Shoppe.
 23975 | Orc:2    | Found Ipuziof's Book Boutique.
 24499 | Shoals:2 | Noticed Nikola
 24524 | Shoals:2 | Killed Nikola
 25930 | Snake:1  | Entered Level 1 of the Snake Pit
 26805 | Snake:1  | Noticed Azrael
 26846 | Snake:1  | Killed Azrael
 27648 | Snake:2  | Found Ymerreull's Book Boutique.
 27975 | Snake:2  | Found Unluj's Antique Armour Shop.
 27985 | Snake:2  | Bought a diamond-encrusted chain mail for 285 gold pieces
 27996 | Snake:2  | Identified the cursed +1 chain mail of Vlad {rPois Int-2 Stlth+} (You bought it in a shop on level 2 of the Snake Pit)
 28028 | Snake:2  | Bought a glowing scarf for 240 gold pieces
 28566 | Snake:3  | Found a bloodstained altar of Trog.
 28598 | Snake:3  | Gained mutation: Your movements are significantly less encumbered by armour. (ER -6) [demonic ancestry]
 28598 | Snake:3  | Reached XP level 16. HP: 113/117 MP: 21/23
 29369 | Snake:3  | Found Fiavif's Specialty Armours.
 29599 | Snake:4  | Entered Level 4 of the Snake Pit
 29603 | Snake:4  | Found a stormy altar of Qazlal.
 30112 | Snake:4  | Reached skill level 15 in Long Blades
 31192 | Snake:4  | Noticed Mara
 31233 | Snake:4  | Killed Mara
 31233 | Snake:4  | Reached skill level 15 in Fighting
 31483 | Snake:4  | Gained mutation: You are significantly more attuned to the shadows. [demonic ancestry]
 31483 | Snake:4  | Reached XP level 17. HP: 127/127 MP: 24/24
 32312 | Snake:4  | Got a serpentine rune of Zot
 32480 | Snake:3  | Gained mutation: You tend to lose your temper in combat. [mutagenic glow]
 32540 | Snake:3  | Gained mutation: You are occasionally teleported next to monsters. [mutagenic glow]
 32701 | Shoals:1 | Lost mutation: You are occasionally teleported next to monsters. [potion of mutation]
 32701 | Shoals:1 | Gained mutation: You are weak. (Str -2) [potion of mutation]
 32701 | Shoals:1 | Gained mutation: You have a pair of small horns on your head. [potion of mutation]
 32768 | Shoals:4 | Entered Level 4 of the Shoals
 33160 | Shoals:4 | Noticed Ilsuiw
 33177 | Shoals:4 | Noticed Polyphemus
 34470 | D:14     | Found a gate to the Vaults.
 34802 | Vaults:1 | Entered Level 1 of the Vaults
 35681 | Vaults:1 | Found Diudek's Armour Emporium.
 35844 | Vaults:1 | Reached XP level 18. HP: 98/138 MP: 17/25
 36390 | Vaults:2 | Found Mackiug's Gadget Shoppe.
 37173 | Vaults:2 | Found Poiss's Magic Scroll Emporium.
 37734 | Vaults:2 | Got an ancient glaive
 37735 | Vaults:2 | Identified the +0 glaive "Lampan" {antimagic, rF- rC+ Dex+9} (You found it on level 2 of the Vaults)
 37785 | Vaults:2 | Found Suam's Gadget Boutique.
 38206 | Vaults:3 | Reached skill level 10 in Armour
 38235 | Vaults:3 | HP: 6/139 [acid (9)]
 38241 | Vaults:3 | HP: 5/139 [poisoned by a tengu reaver (bolt of poison)]
 38247 | Vaults:3 | HP: 5/139 [poisoned by a tengu reaver (bolt of poison)]
 38440 | Vaults:3 | Found Ruituf's General Store.
 38471 | Vaults:3 | Noticed Xtahua
 38482 | Vaults:3 | Killed Xtahua
 38519 | Vaults:3 | Found a staircase to the Crypt.
 38543 | Vaults:3 | Noticed Bai Suzhen
 38755 | Vaults:3 | Killed Bai Suzhen
 38755 | Vaults:3 | Reached XP level 19. HP: 64/144 MP: 12/31
 38775 | Vaults:3 | Slain by a vault guard

Skill      XL: |  1  2  3  4  5  6  7  8  9 10 11 12 13 14 15 16 17 18 |
---------------+-------------------------------------------------------+-----
Dodging        | 3 4 5 6 9 11 12 | 12.5
Fighting       | 3 4 5 7 10 12 13 15 17 | 17.4
Long Blades    | 5 6 7 9 11 12 14 15 17 | 17.7
Armour         | 3 6 7 8 10 | 10.7
Throwing       | 5 7 |  7.3
Charms         | 6 9 |  9.2
Spellcasting   | 4 5 8 |  8.7

Action                   |  1- 3 |  4- 6 |  7- 9 | 10-12 | 13-15 | 16-18 | 19-21 || total
-------------------------+-------+-------+-------+-------+-------+-------+-------++-------
Melee: Long sword        |   110 |    77 |   308 |   742 |   675 |       |       ||  1912
       Kick              |    12 |    18 |   134 |   378 |   850 |   774 |     6 ||  2172
       Great sword       |       |       |       |       |   829 |  1268 |     9 ||  2106
       Headbutt          |       |       |       |       |       |   242 |     5 ||   247
Throw: Throwing net      |       |     4 |     1 |     1 |       |       |       ||     6
       Tomahawk          |       |       |     1 |     2 |    28 |     4 |       ||    35
 Cast: Spectral Weapon   |       |       |       |       |    18 |    11 |       ||    29
Invok: Sacrifice Artific |       |       |     1 |       |       |       |       ||     1
       Sacrifice Essence |       |       |     1 |       |       |       |       ||     1
       Power Leap        |       |       |       |     2 |     1 |       |       ||     3
       Draw Out Power    |       |       |       |     1 |     5 |     4 |       ||    10
       Sacrifice Drink   |       |       |       |     1 |       |       |       ||     1
       Sacrifice Health  |       |       |       |     1 |       |       |       ||     1
       Apocalypse        |       |       |       |       |     3 |     2 |       ||     5
 Abil: Blink             |       |       |     1 |     1 |       |     4 |     1 ||     7
  Use: Scroll            |     3 |     9 |     8 |    16 |    16 |    15 |     1 ||    68
       Potion            |     2 |     2 |     3 |       |     2 |     3 |       ||    12
 Stab: Held in net/web   |       |     2 |     1 |       |       |       |       ||     3
       Distracted        |       |       |     3 |    12 |    22 |    25 |       ||    62
       Sleeping          |       |       |     2 |    11 |     7 |    13 |       ||    33
       Invisible         |       |       |       |     9 |    24 |    27 |       ||    60
       Paralysed         |       |       |       |     4 |    19 |    10 |       ||    33
       Petrified         |       |       |       |       |     2 |       |       ||     2
  Eat: Chunk             |     2 |     3 |     4 |     7 |     8 |    11 |       ||    35
       Meat ration       |       |     1 |     1 |     1 |     3 |     2 |       ||     8
       Bread ration      |       |       |     2 |     3 |     6 |     2 |       ||    13
       Fruit             |       |       |       |       |     1 |     2 |       ||     3
       Royal jelly       |       |       |       |       |       |     1 |       ||     1
Armor: Leather armour    |    37 |    25 |    46 |     9 |       |       |       ||   117
       Troll leather arm |       |       |       |   108 |       |       |       ||   108
       Ring mail         |       |       |       |    46 |   409 |   282 |     2 ||   739
Dodge: Dodged            |    97 |    67 |   215 |   508 |  1317 |  1051 |    11 ||  3266
Block: Other             |       |       |       |       |    40 |    56 |       ||    96
       Reflection        |       |       |       |       |     3 |     4 |       ||     7
       Rpst.: Long sword |    25 |    22 |    67 |   142 |   132 |       |       ||   388
       Great sword       |       |       |       |       |   182 |   208 |     3 ||   393
